 Dungeon Crawl Stone Soup version 0.27-a0-1230-gfc7c993222 (webtiles) character file.

Game seed: 1451186279036015964

58 Ethylacetat the Ruffian (level 4, -7/38 HPs)
             Began as a Naga Transmuter on June 8, 2021.
             Mangled by an iguana (11 damage)
             ... on level 1 of the Dungeon.
             The game lasted 00:03:55 (1600 turns).

Ethylacetat the Ruffian (Naga Transmuter)           Turns: 1600, Time: 00:03:55

Health: -7/38      AC:  2    Str: 12    XL:     4   Next: 1%
Magic:  1/8        EV:  9    Int: 15    God:
Gold:   70         SH:  0    Dex: 11    Spells: 4/8 levels left

rFire    . . .     SeeInvis +     - Unarmed
rCold    . . .     Faith    .   (no shield)
rNeg     . . .     Spirit   .   a - +0 robe
rPois    +         Reflect  .   (no helmet)
rElec    .         Harm     .   (no cloak)
rCorr    .         Rampage  .   (no gloves)
Will     .....                  (no barding)
Stlth    +.........             (no amulet)
HPRegen  0.12/turn              (no ring)
MPRegen  0.11/turn              (no ring)

@: very slightly contaminated, very slow
A: AC +1, large, see invisible, deformed body, poison resistance, slowness 2,
spit poison 1, naga tail 1
a: Spit Poison


You were on level 1 of the Dungeon.
You visited 1 branch of the dungeon, and saw 2 of its levels.

You collected 70 gold pieces.

Inventory:

Armour
 a - a +0 robe (worn)
Jewellery
 b - a ring of see invisible


   Skills:
 - Level 1.0 Fighting
 - Level 1.5 Dodging
 - Level 3.0 Unarmed Combat
 + Level 2.8 Spellcasting
 + Level 3.0 Transmutations
 * Level 2.0 Poison Magic


You had 4 spell levels left.
You knew the following spells:

 Your Spells              Type           Power      Damage    Failure   Level
a - Beastly Appendage     Tmut           22%        N/A       6%          1
b - Spider Form           Tmut/Pois      4%         N/A       22%         3

Your spell library contained the following spells:

 Spells                   Type           Power      Damage    Failure   Level
 Wereblood                Tmut           11%        N/A       9%          2
 Ice Form                 Ice/Tmut       6%         N/A       73%         4
 Hydra Form               Tmut           5%         N/A       86%         5


Dungeon Overview and Level Annotations

Branches:
Dungeon (2/15)

Altars:


Innate Abilities, Weirdness & Mutations

Your serpentine skin is tough. (AC +1)
You have supernaturally acute eyesight. (SInv)
Armour fits poorly on your strangely shaped body.
Your system is resistant to poisons. (rPois)
You cover ground very slowly.
You can spit poison.
You have a snake-like lower body.


Message History

Casting: Spider Form (quite dangerous; 24% risk of failure)
Confirm with . or Enter, or press ? or * to list all spells.
The spell is quite dangerous to cast (24% risk of failure)!
Continue anyway?
You miscast Spider Form.
Nothing appears to happen.
The jackal bites you but does no damage.
The jackal bites you.
* * * LOW HITPOINT WARNING * * *
Casting: Spider Form (quite dangerous; 24% risk of failure)
Confirm with . or Enter, or press ? or * to list all spells.
Okay, then.
You hit the jackal but do no damage. The jackal bites you.
* * * LOW HITPOINT WARNING * * *
You closely miss the jackal. The jackal barely misses you.
You hit the jackal.
The jackal is severely wounded.
You have got your breath back.
The jackal misses you.
The jackal bites you but does no damage.
You hit the jackal.
The jackal is almost dead.
The jackal bites you.
* * * LOW HITPOINT WARNING * * *
You hit the jackal.
You kill the jackal!
Your Poison Magic skill increases to level 2!
You have reached level 4!
You feel clever.
Press: ? - help, Shift-Dir - straight line, f/p - iguana
Aim: an iguana The splash of poison hits the iguana but does no damage.
The iguana is poisoned.
The iguana barely misses you. The iguana closely misses you.
Casting: Spider Form (quite dangerous; 22% risk of failure)
Confirm with . or Enter, or press ? or * to list all spells.
Okay, then.
You have got your breath back.
The iguana closely misses you.
The iguana looks more healthy.
The iguana bites you!
You die...

############ #..........####
#.............########
#.....S...)...........
#########.....l###.##.########
#............@## #.##.# #
#.##......##.#####†##.# #
#.##.......#.#.S......# #
#.##...........#.###..## #
#.##...)...#.#...# #...# #
#.##......##..>#.###...# ####
#.####.##.####.#.....######...
#.# #.##..........#..^8^...##
#.# #....#.##.#####.#####..##


You could see an iguana and a ball python.

Vanquished Creatures
  A gnoll (D:1)
  2 dart slugs (D:1)
  A bat (D:1)
  4 endoplasms (D:1)
  A giant cockroach (D:1)
  A goblin (D:1)
  4 hobgoblins (D:1)
  8 jackals (D:1)
  6 kobolds
  A quokka (D:1)
  3 ball pythons (D:1)
  A frilled lizard (D:1)
  3 rats (D:1)
36 creatures vanquished.

Notes
Turn   | Place    | Note
-------+----------+-------------------------------------------
     0 | D:1      | Ethylacetat the Naga Transmuter began the quest for the
                  | Orb.
     0 | D:1      | Reached XP level 1. HP: 18/18 MP: 3/3
   130 | D:1      | Reached XP level 2. HP: 25/25 MP: 5/5
   402 | D:1      | Reached XP level 3. HP: 11/31 MP: 6/6
   406 | D:1      | Learned a level 3 spell: Spider Form
   975 | D:1      | Reached skill level 1 in Poison Magic
  1594 | D:1      | Reached XP level 4. HP: 3/38 MP: 0/8
  1600 | D:1      | Mangled by an iguana

Illustrated notes

Levels and vault maps discovered:
D:1:      dpeg_arrival_chambers_temple_mockup, layout_loops_ring,
          ebering_dispersal_statue_hall, minmay_tiny_reverse_x
D:2:      layout_rooms, minmay_ruptured, uniq_natasha

Skill      XL: |  1  2  3 |
---------------+----------+-----
Poison Magic   | 2 |  2.0
Transmutations | 3 |  3.0
Fighting       | |  1.0
Dodging        | |  1.5
Unarmed Combat | |  3.0
Spellcasting   | |  2.8

Action                   |  1- 3 |  4- 6 || total
-------------------------+-------+-------++-------
Melee: Unarmed           |    53 |       ||    53
 Cast: Spider Form       |     3 |       ||     3
 Abil: Spit Poison       |    23 |     1 ||    24
Armor: Robe              |     4 |       ||     4
       Skin              |     6 |       ||     6
Dodge: Dodged            |    47 |     3 ||    50

Table legend: (Time is in decaauts)
 A = Elapsed time spent in this place.
 B = Non-inter-level travel time spent in this place.
 C = Inter-level travel time spent in this place.
 D = Time resting spent in this place.
 E = Time spent auto-exploring this place.
 F = Levels seen in this place.
 G = Mean time per level.
                   A        B        C        D        E       F      G
               +--------+--------+--------+--------+--------+-----+--------+
         Total |   1920 |   1829 |     91 |     51 |   1574 |   2 |  960.0 |
       Dungeon |   1920 |   1829 |     91 |     51 |   1574 |   2 |  960.0 |
               +--------+--------+--------+--------+--------+-----+--------+

Top non-repeatable levels by time:
     D:1: 1911 daAuts
     D:2: 9 daAuts
